 Dungeon Crawl Stone Soup version 0.30.1-4-g462c640d31 (webtiles) character file.

Game seed: 1449072432383808631

18 arthad the Trooper (level 2, 0/49 HPs)
             Began as an Ogre Berserker on Aug 24, 2023.
             Was a Follower of Trog.
             Slain by a gnoll
             ... wielding a +0 spear
              (1 damage)
             ... on level 2 of the Dungeon.
             The game lasted 00:01:09 (647 turns).

arthad the Trooper (Ogre Berserker)                  Turns: 647, Time: 00:01:09

Health: 0/49       AC:  3    Str: 20    XL:     2   Next: 70%
Magic:  2/2        EV: 10    Int:  8    God:    Trog [*.....]
Gold:   67         SH:  0    Dex:  8    Spells: 1/1 levels left

rFire   . . .        a - +0 hand axe
rCold   . . .        (no shield)
rNeg    . . .        b - +0 animal skin
rPois   .            (helmet restricted)
rElec   .            (no cloak)
rCorr   .            (gloves unavailable)
SInv    .            (boots unavailable)
Will    .....        (no amulet) Stlth
                     (no ring)
HPRegen 0.28/turn    (no ring)
MPRegen 0.08/turn

%: no passive effects
@: berserking, very quick
A: large, unfitting armour, tough skin 1
a: Renounce Religion, Berserk


You were on level 2 of the Dungeon.
You worshipped Trog.
Trog was aware of your devotion.
You visited 1 branch of the dungeon, and saw 2 of its levels.

You collected 67 gold pieces.

Inventory:

Hand Weapons
 a - a +0 hand axe (weapon)
Armour
 b - a +0 animal skin (worn)
Scrolls
 c - a scroll of blinking {unknown}
 d - 3 scrolls of identify {unknown}
 f - a scroll of vulnerability {unknown}
Potions
 e - a potion of magic {unknown}
 g - a potion of might {unknown}


   Skills:
 * Level 4.5 Fighting
 * Level 3.3 Axes
 + Level 0.4 Armour
 + Level 2.8 Dodging


You had one spell level left.
You didn't know any spells.
Your spell library was empty.

Dungeon Overview and Level Annotations

Branches:
Dungeon (2/15)

Altars:

Shops:
D:1 *


Innate Abilities, Weirdness & Mutations

You are too large for most types of armour.
You have tough skin. (AC +1)


Message History

A dart slug is nearby!
A dart slug is nearby!
A rat comes into view.
The dart slug bites you but does no damage.
You hit the dart slug but do no damage. The dart slug bites you.
You hit the dart slug.
The dart slug is moderately wounded.
The dart slug launches a dart at you. The slug dart hits you.
You hit the dart slug.
The dart slug is severely wounded.
You hit the dart slug.
You kill the dart slug!
Trog accepts your kill.
You hit the rat.
You kill the rat!
Trog accepts your kill.
No target in view!
HP restored.
Found a stone staircase leading down.
d - 3 scrolls labelled ROULOZ IZOE (gained 1)
A gnoll comes into view. It is wielding a +0 spear.
A gnoll is nearby! 2 gnolls come into view.
The gnoll shouts! x3
The gnoll hits you from afar with a +0 spear.
The gnoll hits you with a +0 spear.
You hit the gnoll but do no damage. You hit the gnoll.
You barely miss the gnoll. The gnoll hits you with a +0 flail!
The gnoll closely misses you. The gnoll hits you with a +0 spear!
* * * LOW HITPOINT WARNING * * *
Okay, then.
A red film seems to cover your vision as you go berserk!
You feel yourself moving faster!
You feel mighty! The gnoll hits you with a +0 flail.
* * * LOW HITPOINT WARNING * * *
The gnoll hits you with a +0 club.
* * * LOW HITPOINT WARNING * * *
The gnoll hits you with a +0 spear.
You die...

###### #....# .. #....#
.#.## #....# ....>##
#######ggg.#
......###....##.@..##..
.......##....##.........
......................#.
.......#...........##.#
.............#.....# #
......................
.............###.####.
......###........# .
.....## ####..#..#


You could see 3 gnolls.

Vanquished Creatures
  A dart slug (D:2)
  3 ball pythons (D:1)
  An endoplasm (D:1)
  2 giant cockroaches (D:1)
  A goblin (D:1)
  2 jackals (D:1)
  A bat (D:1)
  2 frilled lizards (D:1)
  3 rats
16 creatures vanquished.

Notes
Turn   | Place    | Note
-------+----------+-------------------------------------------
     0 | D:1      | arthad the Ogre Berserker began the quest for the Orb.
     0 | D:1      | Reached XP level 1. HP: 24/24 MP: 1/1
    20 | D:1      | Found Nufigh's Assorted Antiques.
   200 | D:1      | Reached XP level 2. HP: 26/32 MP: 2/2
   412 | D:1      | Found a faded altar of an unknown god.
   647 | D:2      | HP: 1/49 [gnoll/+0 club (6)]
   647 | D:2      | Slain by a gnoll

Illustrated notes

Levels and vault maps discovered:
D:1:      denvon_arrival_planthouse, layout_rooms,
          shapermc_ecumenical_altar_totnotflames, serial_shops, shop,
          serial_bayou_pond_c
D:2:      layout_rooms, minmay_misc_feat_plants, minmay_vboxes

Action                     || total
---------------------------++-------
  Melee: Hand axe          ||    52
         Punch             ||     1
 Invoke: Berserk           ||     1
 Armour: Animal skin       ||    17
  Dodge: Dodged            ||    41
